AoeStats
← 恆浪蕩

African Clearing

506436408Analyzed
4v4 RM · 17d ago on Sep 13, 2026· 59m 32s· 8 players
Game mode
Random Map
Map size
Large (8 player)
Population
200
Speed
Normal
Resources
Standard
Victory
Conquest
Starting age
Dark Age
Ending age
Imperial Age
RankedLock teamsTeams togetherTeam positionsShared explorationLock speedFull tech treeHidden civsTurbo modeCheats
Victory
Defeat
🇹🇼 Koreans · Taiwan
1644
+13
🇦🇷 Persians · Argentina
1601
+15
🇦🇷 Japanese · Argentina
1591
+15
🇹🇼 Lithuanians · Taiwan
1570
+16
🇦🇷 Japanese · Argentina
1635
-17
🇪🇪 Bengalis · Estonia
1572
-15
🇸🇪 Mongols · Sweden
1557
-14
🇺🇸 Spanish · United States
1525
-13
TsuksEST
11:02 Loom
13:59 Feudal Age
14:52 Fishing Lines
15:46 Double-Bit Axe
22:57 Castle Age
22:21 Fletching
23:35 Bodkin Arrow
27:21 Sanctity
37:24 Padded Archer Armor
43:42 Imperial Age
44:45 Wheelbarrow
44:53 Wheelbarrow
44:54 Block Printing
47:04 Hand Cart
57:43 Fervor
58:49 Bloodlines
58:40 Husbandry
AML4554
5:35 Loom
14:21 Feudal Age
18:49 Castle Age
17:31 Double-Bit Axe
17:50 Padded Archer Armor
17:36 Horse Collar
19:46 Bow Saw
27:33 Leather Archer Armor
50:20 Imperial Age
48:27 Wheelbarrow
47:55 Heavy Plow
48:38 Husbandry
48:48 Bloodlines
51:28 Gold Mining
51:28 Stone Mining
51:03 Cavalier
52:25 Scale Barding Armor
52:31 Forging
54:12 Chain Barding Armor
55:17 Supremacy
55:18 Conscription
55:35 Plate Barding Armor
55:36 Iron Casting
55:39 Light Cavalry
58:37 Hussar
Snitzelyd
5:43 Loom
16:34 Feudal Age
20:38 Wheelbarrow
20:52 Double-Bit Axe
26:36 Castle Age
29:50 Wheelbarrow
29:07 Fletching
29:16 Horse Collar
30:16 Bow Saw
30:06 Bodkin Arrow
35:28 Husbandry
39:51 Padded Archer Armor
40:04 Bloodlines
40:18 Ballistics
41:37 Hand Cart
41:37 Gold Mining
42:25 Stone Mining
43:10 Gold Shaft Mining
43:08 Leather Archer Armor
46:54 Imperial Age
47:21 Scale Barding Armor
47:26 Forging
46:38 Light Cavalry
47:38 Bracer
48:43 Chemistry
48:34 Stone Shaft Mining
48:24 Conscription
47:42 Capped Ram
48:30 Thumb Ring
48:44 Siege Ram
50:07 Chain Barding Armor
50:23 Iron Casting
49:56 Hussar
53:33 Blast Furnace
53:13 Drill
53:45 Elite Mangudai
SCV
10:42 Loom
12:43 Feudal Age
16:31 Castle Age
14:33 Double-Bit Axe
15:31 Gold Mining
16:13 Fletching
18:40 Bow Saw
18:57 Bodkin Arrow
20:15 Horse Collar
24:56 Wheelbarrow
25:50 Ballistics
31:10 Padded Archer Armor
31:21 Bloodlines
33:32 Husbandry
35:02 Leather Archer Armor
37:14 Hand Cart
38:07 Thumb Ring
38:45 Gold Shaft Mining
41:05 Imperial Age
39:42 Scale Mail Armor
39:03 Pikeman
39:44 Squires
41:20 Forging
41:48 Bracer
42:53 Chemistry
41:34 Halberdier
42:58 Heavy Cavalry Archer
44:56 Parthian Tactics
45:09 Iron Casting
45:05 Ring Archer Armor
45:01 Stone Mining
47:36 Chain Mail Armor
48:32 Murder Holes
48:47 Masonry
57:50 Town Watch
Emily001
10:21 Loom
12:27 Feudal Age
17:41 Castle Age
15:37 Gold Mining
15:51 Double-Bit Axe
20:35 Gold Shaft Mining
20:08 Fletching
21:03 Bow Saw
21:35 Bodkin Arrow
24:59 Wheelbarrow
24:23 Horse Collar
30:24 Town Watch
35:24 Hand Cart
40:57 Imperial Age
39:55 Scale Mail Armor
40:05 Forging
40:53 Ballistics
41:26 Scale Barding Armor
41:04 Light Cavalry
41:45 Husbandry
42:07 Bracer
42:51 Chain Mail Armor
43:15 Iron Casting
43:04 Chain Barding Armor
44:21 Stone Mining
45:08 Iron Casting
45:54 Chain Mail Armor
46:01 Conscription
46:14 Hussar
47:12 Elite War Wagon
55:46 Chemistry
54:27 Treadmill Crane
默默默默默
3:17 Loom
12:44 Feudal Age
14:34 Town Watch
17:34 Castle Age
16:17 Double-Bit Axe
19:24 Wheelbarrow
19:26 Scale Barding Armor
20:53 Fletching
24:32 Husbandry
24:30 Bodkin Arrow
27:31 Ballistics
27:51 Husbandry
28:33 Bloodlines
34:49 Padded Archer Armor
38:33 Parthian Tactics
39:30 Thumb Ring
43:41 Bow Saw
48:42 Imperial Age
48:56 Gold Mining
49:49 Leather Archer Armor
50:17 Heavy Cavalry Archer
53:30 Chemistry
57:57 Hand Cart
58:12 Horse Collar
恆浪蕩
3:15 Loom
12:53 Feudal Age
13:59 Double-Bit Axe
16:41 Castle Age
22:56 Horse Collar
26:26 Bow Saw
29:19 Wheelbarrow
31:35 Gold Mining
35:57 Imperial Age
34:04 Heavy Plow
34:47 Scale Barding Armor
35:21 Bloodlines
35:26 Husbandry
36:11 Elite Leitis
38:20 Conscription
38:45 Chain Barding Armor
39:58 Hand Cart
41:11 Plate Barding Armor
41:36 Hill Forts
45:48 Forging
47:47 Iron Casting
47:03 Fletching
48:57 Bodkin Arrow
49:54 Bracer
50:15 Ballistics
49:53 Murder Holes
50:38 Town Watch
52:13 Hoardings
52:18 Light Cavalry
53:08 Town Patrol
53:15 Treadmill Crane
54:36 Chemistry
54:30 Winged Hussar
56:37 Coinage
56:33 Devotion
57:10 Cavalier
59:52 Banking
59:40 Caravan
amtiky
7:01 Loom
15:39 Feudal Age
19:14 Castle Age
17:34 Double-Bit Axe
18:07 Fletching
18:01 Fishing Lines
18:14 Town Watch
20:14 Bow Saw
20:32 Bodkin Arrow
25:52 Ballistics
26:29 Padded Archer Armor
27:22 Bloodlines
28:01 Husbandry
29:02 Horse Collar
29:59 Wheelbarrow
30:04 Gold Mining
32:42 Heavy Plow
32:36 Gillnets
35:07 Hand Cart
36:11 Leather Archer Armor
36:41 Thumb Ring
44:01 Imperial Age
44:10 Gold Shaft Mining
44:57 Bracer
47:13 Ring Archer Armor
47:44 Two-Man Saw
47:28 Guard Tower
48:43 Chemistry
49:20 Parthian Tactics
49:12 Heavy Cavalry Archer
50:29 Yasama
52:06 Scale Barding Armor
52:01 Scale Mail Armor
53:18 Conscription
53:34 Keep
53:27 Pikeman
54:07 Squires
54:51 Halberdier
55:19 Halberdier
56:20 Chain Mail Armor
56:16 Forging
57:38 Plate Mail Armor
59:37 Iron Casting
Connection lost

Rejoining the realm…

Still unreachable

The connection could not be restored.

Session expired

The server has moved on; the page needs a fresh start.